 Dungeon Crawl Stone Soup version 0.30-a0-728-gc68057be0a (webtiles) character file.

Game seed: 10369197140120400582

37 jimonade the Twirler (level 3, -1/18 HPs)
             Began as a Vine Stalker Gladiator on Jan 31, 2023.
             Slain by a phantom (4 damage)
             ... on level 3 of the Dungeon.
             The game lasted 00:02:59 (1939 turns).

jimonade the Twirler (Vine Stalker Gladiator)       Turns: 1939, Time: 00:03:00

Health: -1/18      AC:  6    Str: 18    XL:     3   Next: 39%
Magic:  0/4        EV: 11    Int:  8    God:
Gold:   174        SH:  0    Dex: 15    Spells: 2/2 levels left

rFire   . . .      SeeInvis .    a - +0 quarterstaff
rCold   . . .      Faith    .    (shield currently unavailable)
rNeg    . . .      Spirit   +    n - +0 ring mail
rPois   .          Reflect  .    c - +0 helmet
rElec   .          Harm     .    (no cloak)
rCorr   .          Rampage  .    (no gloves)
Will    .....                    (no boots)
Stlth   +                        (no amulet)
HPRegen 0.23/turn                (no ring)
MPRegen 0.09/turn                (no ring)

@: no status effects
A: fangs 2, magic shield, antimagic bite, no potion heal 2
a: no special abilities


You were on level 3 of the Dungeon.
You visited 1 branch of the dungeon, and saw 3 of its levels.

You collected 174 gold pieces.

Inventory:

Hand Weapons
 a - a +0 quarterstaff (weapon)
Missiles
 d - 3 throwing nets (quivered)
 e - a javelin
 i - 19 stones
 k - 6 poisoned darts
 l - 2 atropa-tipped darts
Armour
 b - a +0 leather armour
 c - a +0 helmet (worn)
 n - a +0 ring mail (worn)
Scrolls
 g - a scroll of teleportation {unknown}
Potions
 f - 2 potions of heal wounds {unknown}
 h - a potion of curing {unknown}
 j - 2 potions of degeneration


   Skills:
 + Level 1.8 Fighting
 * Level 3.6 Staves
 + Level 1.9 Throwing
 + Level 0.2 Armour
 + Level 2.6 Dodging


You had 2 spell levels left.
You didn't know any spells.
Your spell library contained the following spells:

 Spells                   Type           Power      Damage    Failure   Level
 Inner Flame              Hex/Fire       0%         N/A       93%         3
 Flame Wave               Conj/Fire      0%         2d4       100%        4
 Sticky Flame             Conj/Fire      0%         2d3       100%        4


Dungeon Overview and Level Annotations

Branches:
Dungeon (3/15)

Altars:


Innate Abilities, Weirdness & Mutations

You have extremely sharp teeth.
When hurt, damage is shared between your health and your magic reserves.
Your bite disrupts and absorbs the magic of your enemies.
Potions cannot restore your health.


Message History

The phantom is lightly damaged.
The phantom hits you.
You closely miss the phantom. Your bite misses the phantom.
The phantom is lightly damaged.
The phantom barely misses you.
You hit the phantom but do no damage.
The phantom is lightly damaged.
The phantom hits you.
The phantom blinks!
You blink.
You are too injured to fight recklessly!
You are too injured to fight recklessly!
You are too injured to fight recklessly!
You are too injured to fight recklessly!
You closely miss the phantom.
The phantom is lightly damaged.
The phantom hits you but does no damage.
You hit the phantom. You bite the phantom, but do no damage.
The phantom is moderately damaged.
The phantom barely misses you.
You closely miss the phantom.
The phantom is moderately damaged.
The phantom hits you but does no damage.
You hit the phantom.
The phantom is moderately damaged.
The phantom hits you.
The phantom blinks!
You blink.
You barely miss the phantom.
The phantom is moderately damaged.
The phantom closely misses you. The phantom hits you.
* * * LOW HITPOINT WARNING * * *
The phantom blinks!
You blink.
You hit the phantom.
The phantom is moderately damaged.
The phantom hits you.
* * * LOW HITPOINT WARNING * * *
You closely miss the phantom.
The phantom is moderately damaged.
The phantom misses you.
You sock the phantom! Your bite misses the phantom.
The phantom is severely damaged.
The phantom hits you.
You die...

### ... ..#
.# ..#####.#
.# ..#.@.#.#
.# #.#W#.#.#
.# #.#.#.#.#
.#
#W#.#.#.##.#
#.#....§.#.#
#.#..<.....#
#.#...######
#.#.§.#
#.###.#


You could see a phantom.

Vanquished Creatures
  An adder (D:2)
  2 dart slugs (D:1)
  2 endoplasms
  A giant cockroach (D:1)
  2 hobgoblins (D:2)
  3 jackals (D:1)
  A quokka (D:2)
  2 bats
  3 frilled lizards
  2 goblins (D:2)
  3 kobolds
  A rat (D:2)
23 creatures vanquished.

Notes
Turn   | Place    | Note
-------+----------+-------------------------------------------
     0 | D:1      | jimonade the Vine Stalker Gladiator began the quest for the
                  | Orb.
     0 | D:1      | Reached XP level 1. HP: 11/11 MP: 2/2
   135 | D:1      | Reached skill level 3 in Staves
   135 | D:1      | Reached XP level 2. HP: 10/15 MP: 1/3
   411 | D:1      | Found a faded altar of an unknown god.
   957 | D:2      | Reached XP level 3. HP: 17/18 MP: 4/4
  1916 | D:3      | Noticed a phantom
  1939 | D:3      | Slain by a phantom

Illustrated notes

Levels and vault maps discovered:
D:1:      eino_arrival_water_star, layout_loops_corners, basic_ecumenical_altar,
          minivault_26
D:2:      layout_basic
D:3:      layout_basic, nicolae_qazlal_style_of_elements,
          mainiacjoe_overflow_catch_the_wave, uniq_terence

Skill      XL: |  1 |
---------------+----+-----
Staves         | 3 |  3.6
Fighting       | |  1.8
Throwing       | |  1.9
Armour         | |  0.2
Dodging        | |  2.6

Action                     || total
---------------------------++-------
  Melee: Quarterstaff      ||    72
         Bite              ||    12
    Use: Scroll            ||     3
 Armour: Leather armour    ||    22
         Ring mail         ||     2
  Dodge: Dodged            ||    40

Table legend: (Time is in decaauts)
 A = Elapsed time spent in this place.
 B = Non-inter-level travel time spent in this place.
 C = Inter-level travel time spent in this place.
 D = Time resting spent in this place.
 E = Time spent auto-exploring this place.
 F = Levels seen in this place.
 G = Mean time per level.
                   A        B        C        D        E       F      G
               +--------+--------+--------+--------+--------+-----+--------+
         Total |   1949 |   1858 |     91 |    100 |   1526 |   3 |  649.7 |
       Dungeon |   1949 |   1858 |     91 |    100 |   1526 |   3 |  649.7 |
               +--------+--------+--------+--------+--------+-----+--------+

Top non-repeatable levels by time:
     D:2: 998 daAuts
     D:1: 907 daAuts
     D:3: 43 daAuts
